 Dungeon Crawl Stone Soup version 0.23-a0-375-g66a18ee (webtiles) character file.

13027 MisterFreud the Blocker (level 11, -2/94 HPs)
             Began as a Troll Monk on Oct 26, 2018.
             Was a High Priest of Cheibriados.
             Slain by Rupert
             ... wielding a +2 great sword of freezing
              (18 damage)
             ... on level 13 of the Dungeon.
             The game lasted 00:22:41 (10102 turns).

MisterFreud the Blocker (Troll Monk)               Turns: 10102, Time: 00:22:41

Health: -2/94      AC:  7    Str: 35    XL:     11   Next: 70%
Magic:  23/23      EV: 13    Int: 25    God:    Cheibriados [*****.]
Gold:   446        SH: 21    Dex: 23    Spells: 10/10 levels left

rFire    + . .     SeeInvis .     - Unarmed
rCold    . . .     Gourm    +   v - +0 large shield of Posaimm {rCorr Slay+3}
rNeg     . . .     Faith    .   a - +1 robe
rPois    .         Spirit   .   (helmet restricted)
rElec    .         Reflect  .   e - +0 cloak
rCorr    +         Harm     .   (gloves unavailable)
MR       .....                  (boots unavailable)
Stlth    ++........             (no amulet)
HPRegen  0.65/turn              F - ring of magical power
MPRegen  0.18/turn              o - ring of protection from fire

@: mighty, brilliant, very slow
A: large, unfitting armour, claws 3, talons 1, fast metabolism 3, gourmand,
sense surroundings 1, regeneration 1, shaggy fur 1, tough skin 2, weak 1
a: Bend Time, Temporal Distortion, Slouch, Step From Time, Renounce Religion


You were on level 13 of the Dungeon.
You worshipped Cheibriados.
Cheibriados was extremely pleased with you.
You were very full.

You visited 2 branches of the dungeon, and saw 14 of its levels.
You also visited: Sewer.

You collected 616 gold pieces.
You spent 170 gold pieces at shops.

Inventory:

Missiles
 f - 360 stones (quivered)
 r - 24 tomahawks
 C - 6 javelins
Armour
 a - a +1 robe (worn)
 e - a +0 cloak (worn)
 v - the +0 large shield of Posaimm (worn) {rCorr Slay+3}
   (You found it on level 7 of the Dungeon)

   It affects your accuracy and damage with ranged weapons and melee attacks
   (+3).
   It provides partial protection from all sources of acid and corrosion.
Jewellery
 h - an uncursed ring of positive energy
 o - a ring of protection from fire (right claw)
 y - a +3 ring of intelligence
 B - an uncursed amulet of faith {unknown}
 E - an uncursed ring of protection from cold
 F - a ring of magical power (left claw)
Wands
 q - a wand of disintegration (21)
 s - a wand of acid (16)
 w - a wand of flame (19)
 x - a wand of iceblast (19)
Scrolls
 c - a scroll of amnesia
 d - 5 scrolls of teleportation
 g - 5 scrolls of remove curse
 l - 2 scrolls of magic mapping
 m - 2 scrolls of fear
 n - a scroll of immolation {unknown}
 p - 2 scrolls of blinking
 u - a scroll of fog
 z - 2 scrolls of enchant armour
 H - a scroll of identify
Potions
 i - 4 potions of curing
 j - 6 potions of flight
 k - a potion of ambrosia
 t - 2 potions of brilliance
 D - a potion of mutation
Comestibles
 b - 24 rations


   Skills:
 - Level 2.4 Fighting
 - Level 4.2 Throwing
 - Level 6.1 Dodging
 - Level 1.0 Stealth
 + Level 11.0 Shields
 - Level 8.2 Unarmed Combat
 - Level 6.0 Invocations
 - Level 2.6 Evocations


You had 10 spell levels left.
You didn't know any spells.
Your spell library contained the following spells:

 Spells                   Type           Power        Failure   Level  Hunger
 Magic Dart               Conj           ###.         4%          1    ##.....
 Blink                    Tloc           N/A          5%          2    ###....
 Call Imp                 Summ           ###.....     5%          2    ###....
 Slow                     Hex            ###.....     5%          2    ###....
 Conjure Flame            Conj/Fire      ###.....     11%         3    ####...
 Mephitic Cloud           Conj/Pois/Air  ###.....     11%         3    ####...


Dungeon Overview and Level Annotations

Branches:
Dungeon (13/15)            Temple (1/1) D:7            Lair (0/6) D:8
    Orc (0/2) D:12
 Vaults: D:13-14

Altars:
Ashenzari
Cheibriados
Dithmenos
Elyvilon
Fedhas
Gozag
Hepliaklqana
Kikubaaqudgha
Makhleb
Nemelex Xobeh
Okawaru
Qazlal
Ru
Sif Muna
Trog
Uskayaw
Vehumet
Wu Jian
Xom
Yredelemnul
Zin
The Shining One
Beogh

Shops:
D:5 ?[*   D:10 %   D:11 %

Annotations:
D:13 Rupert


Innate Abilities, Weirdness & Mutations

You are too large for most types of armour.
You have claws for hands.
Your metabolism is lightning-fast.
You like to eat raw meat.
Your natural rate of healing is unusually fast.
You are covered in fur. (AC +1)
You have very tough skin. (AC +2)
You have sharp toenails.
You passively map a small area around you.
You are weak. (Str -2)


Message History

Rupert freezes you.
You claw Rupert! You claw Rupert.
Rupert is heavily wounded.
You block Rupert's attack.
You scratch Rupert. You claw Rupert!
Rupert is heavily wounded.
Rupert is no longer covered in acid.
You block Rupert's attack.
You mangle Rupert!! You claw Rupert, but do no damage.
Rupert is severely wounded.
Rupert hits you with a +2 great sword of freezing!!
* * * LOW HITPOINT WARNING * * *
Rupert freezes you!
* * * LOW HITPOINT WARNING * * *
You claw Rupert! You claw Rupert.
Rupert is severely wounded.
You block Rupert's attack.
It was a potion of might.
You feel very mighty all of a sudden.
Rupert hits you with a +2 great sword of freezing!!
You die...

#.............#
*
#.............#
,
+.............#
* , *
#.............#
#.............#
#######'#######
, ###.# #...#
#@### #@# ** ,,
, * ... ,,
..... * ,
,....... * ,
**.......$.,* ,
, #..........*
, #..(.......#


You could see Rupert (berserk).

Vanquished Creatures
  2 two-headed ogres
  Pikel (D:8)
  3 ugly things
  2 manticores
  Maurice (D:9)
  2 trolls
  A hornet (D:10)
  A hippogriff (D:11)
  A shadow (D:11)
  A spriggan (D:9)
  A wraith (D:11)
  A wyvern (D:11)
  6 yaks (D:11)
  2 hungry ghosts
  3 wargs (D:8)
  An acid dragon (D:12)
  A water moccasin (D:10)
  2 black bears (D:12)
  4 ice beasts
  5 orc warriors
  3 phantoms
  2 eyes of draining (D:5)
  A sky beast (D:8)
  3 necrophages
  3 ogres
  7 centaurs
  2 crocodiles
  9 bullfrogs
  4 scorpions
  2 water moccasin skeletons
  11 killer bees
  5 wights (D:11)
  A howler monkey (D:8)
  2 bullfrog zombies
  A crimson imp (D:5)
  A jelly (D:13)
  2 quasits
  8 orc priests
  3 centaur skeletons
  6 hounds
  6 orc wizards
  4 iguanas
  6 worker ants
  3 hound zombies
  A mummy (D:11)
  A worker ant zombie (D:5)
  A gnoll (D:5)
  13 adders
  3 shadow imps
  An adder skeleton (D:5)
  3 worms
  3 dart slugs
  7 leopard geckos
  40 orcs
  4 ball pythons
  10 bats
  3 giant cockroaches
  6 goblins
  9 hobgoblins
  10 jackals
  12 kobolds
  4 quokkas
  4 frilled lizards
  2 leopard gecko skeletons
  7 rats
280 creatures vanquished.

Vanquished Creatures (others)
  An adder (D:8)
  An orc (D:8)
  A withered plant (D:11)
3 creatures vanquished.

Grand Total: 283 creatures vanquished

Notes
Turn   | Place    | Note
-------+----------+-------------------------------------------
     0 | D:1      | MisterFreud the Troll Monk began the quest for the Orb.
     0 | D:1      | Reached XP level 1. HP: 22/22 MP: 0/0
   183 | D:1      | Reached XP level 2. HP: 29/29 MP: 1/1
   509 | D:1      | Reached XP level 3. HP: 35/36 MP: 2/2
  1204 | D:2      | Reached skill level 5 in Unarmed Combat
  1204 | D:2      | Reached XP level 4. HP: 39/44 MP: 3/3
  1772 | D:3      | Found a glowing drain.
  1786 | Sewer    | Entered a sewer
  1854 | Sewer    | Noticed a crocodile
  1863 | Sewer    | Killed a crocodile
  1863 | Sewer    | Reached XP level 5. HP: 50/50 MP: 4/4
  2183 | D:3      | Found an ornate altar of the Wu Jian Council.
  2183 | D:3      | Found a glowing golden altar of the Shining One.
  2714 | D:4      | Reached XP level 6. HP: 50/59 MP: 5/5
  3088 | D:5      | Entered Level 5 of the Dungeon
  3088 | D:5      | Found Juzuar's General Store.
  3118 | D:5      | Bought a scroll of teleportation for 39 gold pieces
  3118 | D:5      | Bought a potion of heal wounds for 65 gold pieces
  3153 | D:5      | Reached XP level 7. HP: 42/66 MP: 6/6
  3237 | D:5      | Reached skill level 1 in Throwing
  3653 | D:5      | Found Woosmofick's Armour Shoppe.
  3655 | D:5      | Found a bloodstained altar of Trog.
  3719 | D:5      | Found Eroor's Magic Scroll Emporium.
  3722 | D:5      | Bought a scroll of teleportation for 33 gold pieces
  3722 | D:5      | Bought a scroll of teleportation for 33 gold pieces
  3911 | D:6      | Reached XP level 8. HP: 48/74 MP: 7/7
  4557 | D:6      | Reached skill level 5 in Dodging
  4820 | D:7      | Got a polished large shield
  4868 | D:7      | Reached skill level 1 in Evocations
  4965 | D:7      | Identified the cursed +0 large shield of Posaimm {rCorr
                  | Slay+3} (You found it on level 7 of the Dungeon)
  5213 | D:7      | Found a staircase to the Ecumenical Temple.
  5222 | Temple   | Entered the Ecumenical Temple
  5525 | Temple   | Became a worshipper of Cheibriados the Contemplative
  5525 | Temple   | Reached * piety under Cheibriados
  5525 | Temple   | Reached ** piety under Cheibriados
  5716 | D:8      | Reached skill level 1 in Shields
  5716 | D:8      | Reached XP level 9. HP: 80/80 MP: 9/9
  5743 | D:8      | Noticed Pikel
  5754 | D:8      | Killed Pikel
  5754 | D:8      | Reached skill level 3 in Shields
  5789 | D:8      | Reached skill level 4 in Shields
  5892 | D:8      | Reached skill level 5 in Shields
  6074 | D:8      | Reached skill level 6 in Shields
  6199 | D:8      | Found a sacrificial altar of Ru.
  6266 | D:8      | Reached *** piety under Cheibriados
  6267 | D:8      | Found a staircase to the Lair.
  6542 | D:9      | Found a hide-covered altar of Uskayaw.
  6550 | D:9      | Noticed Maurice
  6936 | D:9      | Killed Maurice
  6936 | D:9      | Reached XP level 10. HP: 84/88 MP: 10/10
  7149 | D:9      | Reached skill level 7 in Shields
  7403 | D:10     | Entered Level 10 of the Dungeon
  7489 | D:10     | Reached skill level 8 in Shields
  7808 | D:10     | Reached **** piety under Cheibriados
  8038 | D:10     | Found Nitenarr's Food Boutique.
  8105 | D:10     | Reached skill level 1 in Invocations
  8424 | D:11     | Noticed a red ugly thing
  8434 | D:11     | Killed a red ugly thing
  8585 | D:11     | Reached skill level 9 in Shields
  8630 | D:11     | Found Rebaehass's Food Shoppe.
  8689 | D:11     | HP: 4/88 [wraith (12)]
  8937 | D:11     | Noticed a two-headed ogre
  8946 | D:11     | Killed a two-headed ogre
  8946 | D:11     | Reached XP level 11. HP: 94/94 MP: 7/13
  8949 | D:11     | Reached skill level 5 in Invocations
  9477 | D:12     | Found a roughly hewn altar of Beogh.
  9477 | D:12     | Found a staircase to the Orcish Mines.
  9530 | D:12     | Reached ***** piety under Cheibriados
  9605 | D:12     | Noticed a two-headed ogre
  9609 | D:12     | Reached skill level 10 in Shields
  9615 | D:12     | Killed a two-headed ogre
  9691 | D:12     | Noticed a cyan ugly thing
  9698 | D:12     | Killed a cyan ugly thing
 10061 | D:13     | Noticed a cyan ugly thing
 10070 | D:13     | Killed a cyan ugly thing
 10070 | D:13     | Reached skill level 11 in Shields
 10090 | D:13     | Noticed Rupert
 10093 | D:13     | Gained mutation: You have sharp toenails. [potion of
                  | mutation]
 10093 | D:13     | Gained mutation: You are weak. (Str -2) [potion of
                  | mutation]
 10093 | D:13     | Gained mutation: You passively map a small area around you.
                  | [potion of mutation]
 10102 | D:13     | Slain by Rupert

Vault maps used:
D:1:      dpeg_arrival_circle_labyrinth_a
D:2:      first_ration
D:3:      wad_lake_hut, gammafunk_temple_overflow_elements, portal_sewer_entry_f
D:5:      trog_eyes_of_draining, serial_shops, shop, nicolae_shop_trees, shop
D:6:      serial_co_window_serial, co_window_paths_b, co_window_corner_a,
          co_window_paths_a, co_window_corner_a, co_window_corner_a,
          co_window_broadway_a, co_window_of_opportunity_c, co_window_paths_c,
          co_window_broadway_b, co_window_unsneaky_path_c, glass_columns_b
D:7:      minmay_temple_entry_fiery
D:8:      lemuel_doored_altar, erik_lair_orcish_takeover, uniq_pikel
D:9:      eat_drink_and_be_merry_uskayaw, the_bakery, uniq_maurice
D:10:     serial_shops, shop
D:11:     serial_undead, serial_undead_f, serial_undead_a, serial_undead_f,
          serial_undead_e, serial_shops, kennysheep_mini
D:12:     david_orc_5, mrwooster_statue_mirror
D:13:     minivault_26, uniq_rupert
Temple:   minmay_temple_bridge_d
Sewer:    sewer_the_crocodile

Skill      XL: |  1  2  3  4  5  6  7  8  9 10 11 |
---------------+----------------------------------+-----
Unarmed Combat | 4 5 6 8 |  8.2
Throwing       | 4 |  4.2
Dodging        | 3 6 |  6.1
Evocations     | 1 2 |  2.6
Shields        | 1 6 9 11 | 11.0
Invocations    | 4 6 |  6.0
Fighting       | |  2.4
Stealth        | |  1.0

Action                   |  1- 3 |  4- 6 |  7- 9 | 10-12 || total
-------------------------+-------+-------+-------+-------++-------
Melee: Unarmed           |   115 |   167 |   302 |   384 ||   968
       Punch             |     1 |     1 |     8 |     8 ||    18
       Kick              |       |       |       |     7 ||     7
Invok: Slouch            |       |       |       |     3 ||     3
Evoke: Wand              |       |       |     7 |     4 ||    11
  Use: Scroll            |     4 |     9 |     5 |     2 ||    20
       Potion            |       |       |     3 |     3 ||     6
 Stab: Sleeping          |     5 |     2 |     7 |     3 ||    17
  Eat: Chunk             |    14 |    21 |    27 |    31 ||    93
       Ration            |       |       |     1 |       ||     1
Armor: Robe              |    42 |    71 |    98 |    62 ||   273
Dodge: Dodged            |    50 |    92 |   162 |   186 ||   490
Block: Large shield      |       |       |     4 |   172 ||   176

Table legend:
 A = Non-vault XP
 B = Vault XP
 C = Vault XP percentage of total XP
 D = Non-vault monster count
 E = Vault monster count
 F = Vault count percentage of total count
                 A         B        C        D         E       F
            +---------+---------+-------+---------+---------+-------
      Total |   15235 |    3376 |  18.1 |     226 |      54 |  19.3
            +---------+---------+-------+---------+---------+-------
        D:1 |      62 |       0 |   0.0 |      30 |       0 |   0.0
        D:2 |      77 |       0 |   0.0 |      21 |       0 |   0.0
        D:3 |      44 |      10 |  18.5 |      18 |       4 |  18.2
        D:4 |     241 |       0 |   0.0 |      14 |       0 |   0.0
        D:5 |     541 |     275 |  33.7 |      19 |       4 |  17.4
        D:6 |     725 |       0 |   0.0 |      12 |       0 |   0.0
        D:7 |     631 |       0 |   0.0 |       8 |       0 |   0.0
        D:8 |    1067 |    1290 |  54.7 |      15 |       8 |  34.8
        D:9 |     881 |     669 |  43.2 |      10 |       2 |  16.7
       D:10 |    1973 |       0 |   0.0 |      34 |       0 |   0.0
       D:11 |    4324 |     447 |   9.4 |      22 |       7 |  24.1
       D:12 |    3273 |     570 |  14.8 |      19 |      23 |  54.8
       D:13 |    1396 |       0 |   0.0 |       4 |       0 |   0.0
      Sewer |       0 |     115 | 100.0 |       0 |       6 | 100.0
            +---------+---------+-------+---------+---------+-------
